← All builds
Air / Cortex / Economy first / OBSERVED BUILD

Standard air

Cortex Air build order · Supreme Isthmus

Economy-first air build: Aircraft Plant then Advanced Metal Extractor and Fusion Reactor, making transports and scouts for allies while transitioning into fighters and occasional bombers over the whole game.

Usually transports first (78%)

#eco #air #team support · 1508 distinct matches · 252 players · 81% of Cortex Air games · team won 46% of 1813 · Recently observed

HOW TO PLAY IT

Key timing: Aircraft Plant by 1:24

  1. Open 3 mex and wind, then drop Aircraft Plant early.
  2. Finish Aircraft Plant and start fighters for scouting and defense.
  3. Eat the Aircraft Plant once production needs outgrow it.
  4. Get Advanced Metal Extractor up to scale eco.
  5. Bring Fusion Reactor online and keep feeding transports, scouts, fighters to allies.

Phase by phase

TYPICAL OF ITS 1508 GAMES
  1. 1
  2. 2
  3. 3
PLAY THE OPENING

Follow the example game's first 6:00 step by step: what to build now, what comes next, and where it goes. At 1× it keeps pace with your own game.

  1. 1

    Up to the Aircraft Plant

    Economy
    • Metal Extractor3Mex
    • Wind Turbine4Wind
    Order
    1. Aircraft PlantAircraft Plant after 3 mex, 4 winddone ~1:26, middle half 1:14–1:35

    Some games also: energy storage (38%)

    By 1:07 in all: 3 mex · 4 wind

    The example game in this phase · 4 steps
    1. Mex ×3
    2. Wind ×5
    3. Energy storage
    4. Aircraft PlantAircraft Plantdone 1:37 · typical 1:26
  2. 2

    Aircraft Plant to 5:00

    Economy
    • Metal Extractor1Mex
    • Wind Turbine9Wind
    • Wind Turbine3Wind
    Builders
    • Construction Turret2 Con turret
    • Construction Aircraft1 Con aircraft
    Army
    • Valiant5 Valiant
    • Hercules2 Light transport for allies
    • Finch2 Finch for allies
    • Finch1 Finch
    • Hephaestus1 Heavy transport for allies

    Some games also: shuriken (49%) · energy storage (45%) · converter (44%) · light transport (40%)

    By 5:00 in all: 3 mex · 1 mex · 13 wind · 3 wind · 1 energy storage · 2 con turret

    The example game in this phase · 24 steps
    1. FinchFinchfor Geo sea
    2. FinchFinch
    3. ShurikenShuriken
    4. FinchFinchfor Beach sea
    5. HerculesLight transportfor Geo sea
    6. ValiantValiantfor Geo
    7. ValiantValiant
    8. Wind
    9. ValiantValiantfor Geo
    10. Wind
    11. Construction AircraftCon aircraft
    12. Mex
    13. Wind ×2
    14. HerculesLight transportfor Tech
    15. Con turret
    16. HerculesLight transport
    17. Con turret ×2
    18. Wind
    19. ValiantValiant
    20. Wind ×2
    21. Converter
    22. Wind ×2
    23. FinchFinch
    24. Wind
  3. 3

    5:00 to 10:00

    Economy
    • Wind Turbine21Wind
    • Wind Turbine5Wind
    • Energy Converter6Converter
    Order
    1. Aircraft PlantEat Aircraft Plant
    2. Aircraft PlantAircraft Plant after 19 wind, 18 wind, 7 converterin 58% of games
    Builders
    • Construction Turret3 Con turret
    Army
    • Valiant9 Valiant

    Some games also: shuriken (47%) · fusion (38%) · con aircraft (35%) · light transport (31%)

    By 10:00 in all: 3 mex · 1 mex · 25 wind · 20 wind · 8 converter · 1 energy storage

    The example game in this phase · 256 steps
    1. Converter
    2. FinchFinch
    3. Wind ×2
    4. FinchFinch
    5. Wind
    6. Converter
    7. FinchFinch
    8. Wind ×3
    9. Aircraft PlantEat Aircraft Plantreclaimed for its metal
    10. Wind
    11. Converter
    12. Wind ×2
    13. Advanced Metal ExtractorT2 mexdone 5:57 · typical 6:54
    14. Wind
    15. Converter ×3
    16. Advanced Metal ExtractorT2 mex ×2
    17. Converter
    18. Wind ×3
    19. Advanced Metal ExtractorT2 mex
    20. Wind ×2
    21. Bot LabBot Labdone 7:36
    22. Converter
    23. Construction BotCon bot ×5
    24. Wind
    25. Construction BotCon bot ×2
    26. Wind ×2
    27. Construction BotCon bot
    28. Fusion ReactorFusiondone 9:40 · typical 10:52
    29. Wind ×2
    30. Converter
    31. Wind
    32. Construction BotCon bot
    33. Wind ×7
    34. Con turret
    35. Wind ×12
    36. Bot LabEat Bot Labreclaimed for its metal
    37. Wind ×2
    38. Aircraft PlantAircraft Plantdone 9:51
    39. Wind ×6
    40. ValiantValiant
    41. Wind ×4
    42. ValiantValiant
    43. Converter
    44. ValiantValiant
    45. Wind
    46. ValiantValiant
    47. Wind ×4
    48. ValiantValiant
    49. Converter
    50. ValiantValiant
    51. Wind
    52. ValiantValiant
    53. Con turret
    54. Wind ×4
    55. ValiantValiant ×2
    56. Wind
    57. ValiantValiant
    58. Wind ×4
    59. ValiantValiant
    60. Converter
    61. ValiantValiant
    62. Wind
    63. ValiantValiant
    64. Wind
    65. Converter
    66. Wind ×2
    67. Construction AircraftCon aircraft
    68. Wind
    69. Con turret
    70. Converter
    71. ValiantValiant
    72. Wind ×4
    73. ValiantValiant
    74. Converter
    75. Wind
    76. Con turret
    77. ValiantValiant
    78. Wind
    79. Converter
    80. Wind ×3
    81. Con turret
    82. Wind
    83. ValiantValiant
    84. Converter
    85. ShurikenShuriken
    86. Wind
    87. ShurikenShuriken ×2
    88. Wind ×3
    89. ShurikenShuriken
    90. Wind
    91. Converter
    92. ShurikenShuriken ×4
    93. Wind
    94. ShurikenShuriken
    95. Converter
    96. Wind
    97. ShurikenShuriken
    98. Wind ×2
    99. ShurikenShuriken ×2
    100. Wind
    101. ShurikenShuriken
    102. Converter
    103. ShurikenShuriken ×2
    104. Wind
    105. ValiantValiant
    106. Wind ×2
    107. ValiantValiant
    108. Wind
    109. Converter
    110. Wind
    111. ValiantValiant ×3
    112. Wind
    113. Converter
    114. Wind
    115. ValiantValiant
    116. Wind ×2
    117. ValiantValiant
    118. Wind
    119. ValiantValiant ×2
    120. Wind
    121. ValiantValiant
    122. Wind ×2
    123. Converter
    124. Wind
    125. ValiantValiant
    126. Wind
    127. ValiantValiant
    128. Converter
    129. ValiantValiant
    130. Wind
    131. ValiantValiant
    132. Wind ×3
    133. ValiantValiant
    134. Wind
    135. Converter
    136. ValiantValiant
    137. Con turret
    138. ValiantValiant
    139. Wind
    140. Con turret
    141. Converter
    142. Wind ×3
    143. ValiantValiant
    144. Wind
    145. Con turret
    146. ValiantValiant
    147. Converter
    148. ValiantValiant
    149. Con turret
    150. Wind ×4
    151. ValiantValiant
    152. Con turret
    153. Wind
    154. Converter
    155. ValiantValiant ×2
    156. Wind
    157. ValiantValiant
    158. Wind
    159. ValiantValiant
    160. Converter
    161. Wind ×2
    162. ValiantValiant
    163. Wind
    164. ValiantValiant
    165. Converter
    166. ValiantValiant ×2
    167. Wind
    168. ValiantValiant
    169. Wind
    170. ValiantValiant
    171. Wind ×2
    172. ValiantValiant
    173. Converter
    174. Wind
    175. ValiantValiant ×3
    176. Converter
    177. Wind
    178. ValiantValiant
    179. Wind ×2
    180. ValiantValiant
    181. Wind
    182. ValiantValiant
    183. Wind
    184. Converter
    185. ValiantValiant
    186. Radar TowerRadar Tower
    187. ValiantValiant ×2
    188. Wind ×3
    189. Converter
    190. ValiantValiant
    191. Wind
    192. ValiantValiant
    193. Wind
    194. ValiantValiant ×3
    195. Converter
    196. ValiantValiant
    197. Wind
    198. ValiantValiant
    199. Wind ×2
    200. ValiantValiant
    201. Wind
    202. Converter
    203. ValiantValiant
    204. Wind
    205. ValiantValiant ×2
    206. Converter
    207. Fusion ReactorFusion
    208. Wind
    209. ValiantValiant
    210. Wind
    211. ValiantValiant
    212. Wind ×2
    213. ValiantValiant
    214. Converter
    215. ValiantValiant
    216. Wind ×2
    217. Converter
    218. Wind ×2
    219. Converter ×2
    220. Wind ×4
    221. Converter
    222. Wind
    223. Converter
    224. Wind ×3
    225. Converter
    226. Radar TowerRadar Tower
    227. Converter
    228. Wind ×3
    229. Converter
    230. ShurikenShuriken ×2
    231. Radar TowerRadar Tower
    232. Wind
    233. ShurikenShuriken
    234. Wind
    235. Converter
    236. ShurikenShuriken
    237. Wind ×2
    238. ShurikenShuriken
    239. Wind
    240. ShurikenShuriken ×2
    241. Converter
    242. ShurikenShuriken ×3
    243. Wind ×2
    244. ShurikenShuriken
    245. Wind
    246. Converter
    247. Wind
    248. ShurikenShuriken ×4
    249. Converter
    250. ShurikenShuriken ×3
    251. Wind ×3
    252. ShurikenShuriken
    253. Wind
    254. Converter
    255. ShurikenShuriken
    256. ValiantValiant

Counts are medians over the build's games: half of them build more, half fewer. The example game is DonGarillo's (31 OS, 10/10/2026); pick another.

Team trades

IN AT LEAST 30% OF ITS GAMES

You hand over

  • Finch2 Finch to Geo sea or Beach seafirst at 1:50 · in 96% of games
  • Hercules3 Light transport to Tech or Geo sea or Beach seafirst at 2:06 · in 99% of games
  • Hephaestus1 Heavy transport to Beach sea or Pond or Techfirst at 2:23 · in 71% of games

You get

  • Wind Turbine3 Wind from Beach sea or Geo seafirst at 1:37 · in 64% of games
  • Wind Turbine3 Wind from Beach sea or Geo sea or Pondfirst at 1:42 · in 46% of games
  • Construction Bot1 Con bot from Techfirst at 2:22 · in 88% of games
  • Advanced Construction Bot1 T2 con bot from Techfirst at 6:05 · in 96% of games

How it plays out

Typical game of this build, running totals by minute

Metal produced

010k20k30k
0:005:0010:0015:00

metal

Enemy metal destroyed

01k2k
0:005:0010:0015:00

metal

Own metal lost

01k2k3k
0:005:0010:0015:00

metal

1813 games.

Show as table
ByMetal produced: This buildEnemy metal destroyed: This buildOwn metal lost: This build
1:0039200
2:0092300
3:00145600
4:002052051
5:0027635173
6:003711102124
7:005089146167
8:006903190219
9:009285230270
10:0011761292379
11:0014370369533
12:0017069512781
13:00198597811101
14:002270412631689
15:002573618082409
WHAT THE NUMBERS SAY

Standard air play wins less than half its games, with very low combat losses and kills since the role mostly supports rather than fights.

  • + Own metal lost stays very low, only 2701 by 15:00.
  • + Metal production reaches 25740 by 15:00, a strong support economy.
  • − Team wins under half of games (47%).
  • − Enemy metal destroyed stays low at 2097 by 15:00, showing little direct impact.
THE EXAMPLE YOU ARE READING

DonGarillo

30.7 OS · 10/10/2026

Open source match ↗

3 received units · includes a constructor
202 metal received · 38971 energy received

Allied construction assistance is unknown. Timings are observations, not a promise of solo reproducibility.

Typical milestones

Aircraft Plant1:26Middle 50%: 1:14–1:35 · n=1813
Advanced Metal Extractor6:54Middle 50%: 6:27–7:26 · n=1753
Fusion Reactor10:52Middle 50%: 9:46–12:17 · n=1160

Played most by

TheGeneraI114games of this buildDad_The_Speedrunner72games of this buildHunfore62games of this buildDRM52games of this buildMilkdragon52games of this build